 Dungeon Crawl Stone Soup version 0.26-a0-50-gc4d14cd842 (webtiles) character file.

Game seed: 13199075637061755334

1266 sanka the Ducker (level 8, 0/51 HPs)
             Began as a Tengu Wizard on June 4, 2020.
             Was a Priest of Ru.
             Slain by Maggie
             ... wielding a +0 vorpal broad axe
              (4 damage)
             ... on level 8 of the Dungeon.
             The game lasted 00:25:43 (9947 turns).

sanka the Ducker (Tengu Wizard)                     Turns: 9947, Time: 00:25:43

Health: 0/51       AC:  6    Str:  8    XL:     8   Next: 52%
Magic:  5/13       EV: 18    Int: 20    God:    Ru [***...]
Gold:   454        SH:  0    Dex: 13    Spells: 8/13 levels left

rFire    + + .     SeeInvis .   a - +0 glaive
rCold    + + .     Gourm    .   (shield currently unavailable)
rNeg     . . .     Faith    .   G - +2 leather armour {rF+}
rPois    +         Spirit   .   n - +0 hat
rElec    +         Reflect  .   (no cloak)
rCorr    +         Harm     .   F - +0 pair of gloves
MR       .....                  (boots unavailable)
Stlth    ++........             (no amulet)
HPRegen  0.17/turn              j - ring of poison resistance
MPRegen  0.13/turn              z - ring of protection from cold

@: mighty, brilliant, resistant, stab, flying quickly and evasively, mesmerised,
very slightly contaminated, quick
A: beak, talons 3, inability to use devices, magic vulnerability 1, able to fly
a: Stop Flying, Draw Out Power, Renounce Religion


You were on level 8 of the Dungeon.
You worshipped Ru.
Ru was most pleased with you.
You were not hungry.

You visited 2 branches of the dungeon, and saw 9 of its levels.

You collected 454 gold pieces.


Innate Abilities, Weirdness & Mutations

You have a beak for a mouth.
You have claws for feet.
You cannot study or use magical devices.
You are slightly vulnerable to magic. (MR-)
You can fly continuously.


   Skills:
 + Level 6.3 Fighting
 * Level 2.4 Polearms
 + Level 7.4 Dodging
 - Level 2.0 Stealth
 - Level 3.0 Spellcasting
 - Level 3.0 Conjurations
 - Level 3.0 Summonings
 - Level 0.7 Translocations


You had 8 spell levels left.
You knew the following spells:

 Your Spells              Type           Power        Failure   Level  Hunger
b - Blink                 Tloc           N/A          24%         2    None
x - Call Imp              Summ           ###.....     9%          2    None
z - Magic Dart            Conj           ###.         6%          1    None

Your spell library contained the following spells:

 Spells                   Type           Power        Failure   Level  Hunger
 Slow                     Hex            #.......     30%         2    None
 Conjure Flame            Conj/Fire      ##......     32%         3    None
 Mephitic Cloud           Conj/Pois/Air  ##......     38%         3    None

Inventory:

Hand Weapons
 a - a +0 glaive (weapon)
 b - a +0 morningstar
 g - a +0 spear
 C - a +2 dagger of protection
 H - a +0 halberd
 J - a +0 hunting sling
Missiles
 i - 72 stones (quivered)
 o - 77 sling bullets
 K - a throwing net {=f}
Armour
 n - a +0 hat (worn)
 t - a +0 robe
 F - a +0 pair of gloves (worn)
 G - a +2 leather armour of fire resistance (worn)
 I - the +1 cloak of Benevolence {Harm +Inv Regen+ MP-9}

   It affects your magic capacity (-9).
   It lets you turn invisible.
   It increases your rate of regeneration.
   It increases damage dealt and taken.
Jewellery
 j - a ring of poison resistance (left hand)
 z - a ring of protection from cold (right hand)
Scrolls
 c - a scroll of enchant armour {unknown}
 e - 5 scrolls of identify {unknown}
 f - 3 scrolls of remove curse {unknown}
 h - a scroll of magic mapping {unknown}
 r - 3 scrolls of teleportation {unknown}
 v - 2 scrolls of fear {unknown}
 w - a scroll of fog {unknown}
 x - 2 scrolls of random uselessness {unknown}
 y - a scroll of immolation {unknown}
 B - a scroll of amnesia {unknown}
 D - 5 scrolls of blinking {unknown}
 L - a scroll of acquirement {unknown}
 N - a scroll of noise {unknown}
Potions
 k - a potion of magic {unknown}
 l - 3 potions of curing {@q1}
 m - a potion of resistance
 p - a potion of haste {unknown}
 s - 3 potions of flight
 u - a potion of degeneration {unknown}
 A - a potion of stabbing
 E - a potion of brilliance
 M - a potion of ambrosia {unknown}
Comestibles
 d - 18 rations

Dungeon Overview and Level Annotations

Branches:
Dungeon (8/15)             Temple (1/1) D:5
   Lair: D:8-11

Altars:
Cheibriados
Dithmenos
Elyvilon
Fedhas
Gozag
Hepliaklqana
Kikubaaqudgha
Makhleb
Nemelex Xobeh
Okawaru
Qazlal
Ru
Sif Muna
Trog
Uskayaw
Wu Jian
Xom
Yredelemnul
Zin
The Shining One

Annotations:
D:8 Maggie

8.. ▒.....?.. ▒▒>▒▒
▒........ ...
▒▒▒▒▒▒▒........
...▒▒▒......##5.....
.......▒............
.......▒............
.............)......
...........@Q.......
..........((.▒......
........▒▒▒(▒▒ .....
.....▒▒'▒▒((▒ ....
....▒▒≈.≈▒▒(▒ ... ▒▒
▒▒≈≈.≈≈▒▒▒ ..
▒▒≈≈...≈#▒▒ .
▒▒#≈.▒▒▒.##▒▒
▒▒#≈#▒▒.▒▒##≈▒▒


You could see Maggie (mesmerising) and a friendly crimson imp (summoned).


Message History

You kill the centaur!
Maggie hits you with a +0 vorpal broad axe.
* * * LOW HITPOINT WARNING * * *
* * * LOW HITPOINT WARNING * * *
You focus your will and illuminate Maggie in retribution!
Unknown command.
Unknown command.
You slash Maggie! Your kick misses Maggie.
Maggie is moderately wounded.
Maggie closely misses you.
Unknown command.
You hit Maggie but do no damage. You peck Maggie!
Maggie is moderately wounded.
Maggie stops glowing.
Maggie casts a spell.
Maggie draws you further into her thrall.
Maggie barely misses you.
Unknown command.
You barely miss Maggie. You claw Maggie.
Maggie is heavily wounded.
Maggie completely misses you.
Unknown command.
You hit Maggie.
Maggie is heavily wounded.
Maggie hits you with a +0 vorpal broad axe!
* * * LOW HITPOINT WARNING * * *
You die...

Action                   |  1- 3 |  4- 6 |  7- 9 || total
-------------------------+-------+-------+-------++-------
Melee: Unarmed           |     8 |       |       ||     8
       Kick              |     5 |     1 |    22 ||    28
       Peck              |     4 |     1 |    16 ||    21
       Spear             |     8 |       |       ||     8
       Dagger            |    29 |       |       ||    29
       Morningstar       |       |    16 |     1 ||    17
       Halberd           |       |       |    50 ||    50
       Glaive            |       |       |    77 ||    77
 Fire: Hunting sling     |       |    99 |       ||    99
 Cast: Magic Dart        |    61 |   152 |    59 ||   272
       Call Imp          |     1 |    28 |    34 ||    63
Invok: Sacrifice Artific |       |     1 |       ||     1
       Sacrifice Essence |       |       |     1 ||     1
 Abil: Fly               |       |     1 |       ||     1
  Use: Potion            |       |       |     6 ||     6
 Stab: Distracted        |       |       |     1 ||     1
       Sleeping          |       |       |     2 ||     2
  Eat: Chunk             |     2 |    17 |     8 ||    27
       Ration            |       |       |     1 ||     1
Armor: Robe              |    16 |    14 |     1 ||    31
       Leather armour    |       |       |    41 ||    41
Dodge: Dodged            |    53 |    82 |   180 ||   315

Levels and vault maps discovered:
D:1:      evilmike_arrival_hilbert_curve, layout_rooms
D:2:      layout_loops_ring, lemuel_crystal_altar, first_ration
D:3:      layout_rooms, minmay_circle_x, uniq_robin
D:4:      layout_gridville, kennysheep_mini
D:5:      layout_basic, grunt_temple_overflow_cloverleaf,
          minmay_temple_entry_proselytizer
D:6:      layout_basic, lightli_temple_of_fire
D:7:      layout_cave_pools, serial_rivers, chequers_serial_rivers_micro_a,
          chequers_serial_rivers_marsh, chequers_serial_rivers_small_b,
          chequers_serial_rivers_room_a, chequers_serial_rivers_room_a,
          chequers_serial_rivers_small_3, nicolae_tso_besieged_by_evil
D:8:      kennysheep_kobold_camp, layout_basic, nicolae_overflow_hidden_temple,
          hangedman_little_slice_of_home, kennysheep_diamond, uniq_maggie
Temple:   nicolae_temple_figure_eight

Notes
Turn   | Place    | Note
-------+----------+-------------------------------------------
     0 | D:1      | sanka the Tengu Wizard began the quest for the Orb.
     0 | D:1      | Reached XP level 1. HP: 10/10 MP: 5/5
   102 | D:1      | Reached skill level 2 in Conjurations
   203 | D:1      | Reached XP level 2. HP: 15/15 MP: 5/7
   208 | D:1      | Learned a level 2 spell: Call Imp
   211 | D:1      | Learned a level 2 spell: Blink
   509 | D:1      | Reached skill level 3 in Conjurations
   696 | D:1      | Reached skill level 2 in Summonings
   969 | D:1      | Reached XP level 3. HP: 19/19 MP: 5/8
  1336 | D:2      | Reached skill level 3 in Summonings
  1444 | D:2      | Found a hazy altar of Hepliaklqana.
  1656 | D:2      | Reached skill level 1 in Fighting
  1656 | D:2      | Reached XP level 4. HP: 25/25 MP: 2/9
  2344 | D:3      | Reached skill level 3 in Dodging
  2425 | D:5      | Entered Level 5 of the Dungeon
  2448 | D:5      | Found a staircase to the Ecumenical Temple.
  2728 | Temple   | Entered the Ecumenical Temple
  2934 | Temple   | Became a worshipper of Ru the Awakened
  2990 | D:5      | Reached skill level 2 in Fighting
  2990 | D:5      | Gained mutation: You can fly continuously. [Tengu growth]
  2990 | D:5      | Reached XP level 5. HP: 30/30 MP: 1/10
  3169 | D:5      | Found a snail-covered altar of Cheibriados.
  3172 | D:5      | Found an ornate altar of the Wu Jian Council.
  3883 | D:4      | Reached skill level 4 in Dodging
  4219 | D:4      | Reached skill level 3 in Fighting
  4274 | D:4      | Reached XP level 6. HP: 32/37 MP: 3/11
  4547 | D:4      | Found a blossoming altar of Fedhas.
  4569 | D:4      | Gained mutation: You cannot study or use magical devices.
                  | [Ru sacrifice]
  4569 | D:4      | Reached * piety under Ru
  4569 | D:4      | Reached ** piety under Ru
  5297 | D:3      | Noticed Robin
  5583 | D:3      | Killed Robin
  6377 | D:5      | Reached skill level 5 in Dodging
  6444 | D:5      | Found an opulent altar of Gozag.
  6458 | D:5      | Found a white marble altar of Elyvilon.
  6614 | D:5      | Reached skill level 4 in Fighting
  6791 | D:5      | Reached XP level 7. HP: 38/43 MP: 7/12
  7544 | D:6      | Reached skill level 6 in Dodging
  7666 | D:6      | Reached skill level 5 in Fighting
  8142 | D:6      | Reached XP level 8. HP: 42/50 MP: 5/13
  8328 | D:6      | Found a bloodstained altar of Trog.
  8622 | D:7      | Reached skill level 7 in Dodging
  8863 | D:7      | Gained mutation: You are slightly vulnerable to magic.
                  | (MR-) [Ru sacrifice]
  8863 | D:7      | Reached *** piety under Ru
  8911 | D:7      | Reached skill level 1 in Polearms
  8994 | D:7      | Got a faintly humming cloak
  9000 | D:7      | Identified the +1 cloak of Benevolence {Harm +Inv Regen+
                  | MP-9} (You found it on level 7 of the Dungeon)
  9244 | D:7      | Reached skill level 6 in Fighting
  9424 | D:7      | Found a glowing golden altar of the Shining One.
  9797 | D:8      | Reached skill level 2 in Polearms
  9923 | D:8      | Identified +0 acid dragon scales
  9923 | D:8      | Noticed Maggie
  9940 | D:8      | Identified 2 potions of resistance
  9947 | D:8      | HP: 4/51 [Maggie/+0 vorpal broad axe (12)]
  9947 | D:8      | Slain by Maggie

Vanquished Creatures
  An orc warrior (D:6)
  An eye of draining (D:8)
  2 centaurs
  A bullfrog (D:6)
  A crimson imp (D:7)
  3 hounds
  A centaur skeleton (D:5)
  A killer bee zombie (D:6)
  2 hound skeletons (D:4)
  Robin (D:3)
  4 gnolls (D:5)
  6 adders
  A shadow imp (D:6)
  A white imp (D:7)
  An ooze (D:2)
  An adder zombie (D:6)
  2 adder skeletons (D:4)
  2 worms
  A dart slug (D:4)
  2 leopard geckos
  16 orcs
  6 giant cockroaches
  5 goblins
  13 hobgoblins
  13 jackals
  2 quokkas (D:5)
  7 bats
  6 frilled lizards
  A goblin zombie (D:7)
  3 hobgoblin zombies (D:7)
  A jackal skeleton (D:7)
  10 kobolds
  A kobold skeleton (D:7)
  A kobold zombie (D:7)
  2 orc skeletons (D:7)
  2 orc zombies (D:7)
  A quokka skeleton (D:4)
  8 rats
133 creatures vanquished.

Vanquished Creatures (collateral kills)
  A sky beast (D:8)
  An orc warrior (D:6)
  A centaur (D:6)
  A gnoll sergeant (D:7)
  A scorpion (D:7)
  3 orc wizards
  7 orc priests
  2 worker ants
  An iguana (D:5)
  3 gnolls (D:7)
  A leopard gecko (D:6)
  7 orcs
  A giant cockroach (D:6)
  5 goblins (D:3)
  2 hobgoblins (D:3)
  2 jackals (D:6)
39 creatures vanquished.

Vanquished Creatures (others)
  A bullfrog (D:7)
1 creature vanquished.

Grand Total: 173 creatures vanquished
